SAAA
TORTOLITA DRUMMERS @ HIALEAH DODOS
07/24/2021
 
TOP OF THE 1ST
Tortolita Drummers batting - Pitching for Hialeah Dodos : RHP José Guzmán
Pitching: RHP José Guzmán
Batting: RHB Jim Harris 0-0: Foul Ball, location: 2F
0-1: Called Strike
0-2: Strikes out looking
Batting: RHB Ron Humboldt 0-0: Foul Ball, location: 2F
0-1: SINGLE (Groundball, 4MD)
Batting: LHB Keith Spear 0-0: Ball
Ron Humboldt steals 2nd base
1-0: Called Strike
1-1: Ball
2-1: Called Strike
2-2: Strikes out swinging
Batting: LHB Raúl Andrade 0-0: Ball
1-0: Foul Ball, location: 2F
1-1: Ground out 4-3 (Groundball, 4)
Top of the 1st over - 0 run(s), 1 hit(s), 0 error(s), 1 left on base; Tortolita 0 - Hialeah 0
BOTTOM OF THE 1ST
Hialeah Dodos batting - Pitching for Tortolita Drummers : LHP Kaluka Wene
Pitching: LHP Kaluka Wene
Batting: RHB Ludwig Kluge 0-0: Foul Ball, location: 2F
0-1: Foul Ball, location: 2F
0-2: Strikes out swinging
Batting: RHB David Nielsen 0-0: Ball
1-0: Fly out, F8 (Line Drive, 89S)
Batting: LHB Mal Wadley 0-0: Ball
1-0: Swinging Strike
1-1: Called Strike
1-2: Foul Ball, location: 2F
1-2: Ball
2-2: SOLO HOME RUN (Flyball, 8RXD), Distance : 431 ft
Batting: RHB Joe Guy 0-0: Ball
1-0: Foul Ball, location: 2F
1-1: Fly out, F3 (Popup, 13)
Bottom of the 1st over - 1 run(s), 1 hit(s), 0 error(s), 0 left on base; Tortolita 0 - Hialeah 1
TOP OF THE 2ND
Tortolita Drummers batting - Pitching for Hialeah Dodos : RHP José Guzmán
Batting: SHB Robby Day 0-0: Ball
1-0: Called Strike
1-1: Called Strike
1-2: Ball
2-2: Ball
3-2: Base on Balls
Batting: SHB Omar Gutiérrez 0-0: Fly out, F6 (Popup, 6MD)
Batting: RHB Nick Reed 0-0: Ball
1-0: Ball
2-0: Ball
Pickoff Throw to First - Error! E1
Robby Day to second
3-0: Called Strike
3-1: Called Strike
3-2: Foul Ball, location: 2F
3-2: Fly out, F8 (Line Drive, 8RS)
Batting: RHB Dan Lewis 0-0: Foul Ball, location: 2F
0-1: Swinging Strike
0-2: SINGLE (Flyball, 78S)
Robby Day to third
Runner from 3rd tries for Home, SAFE, no throw or cutoff
Batting: RHB Ray Whittier 0-0: Ball
1-0: Foul Ball, location: 2F
1-1: Ball
2-1: 2-RUN HOME RUN (Flyball, 7LD), Distance : 349 ft
Batting: RHB Jim Harris 0-0: Foul Ball, location: 2F
0-1: Called Strike
0-2: Foul Ball, location: 2F
0-2: Ball
1-2: Ball
2-2: Strikes out swinging
Top of the 2nd over - 3 run(s), 2 hit(s), 1 error(s), 0 left on base; Tortolita 3 - Hialeah 1
BOTTOM OF THE 2ND
Hialeah Dodos batting - Pitching for Tortolita Drummers : LHP Kaluka Wene
Batting: RHB Ji-chol Yang 0-0: Ball
1-0: Ball
2-0: Fly out, F7 (Line Drive, 7S)
Batting: LHB Jeff Conklin 0-0: Called Strike
0-1: Ball
1-1: Ball
2-1: Ball
3-1: Called Strike
3-2: Foul Ball, location: 2F
3-2: DOUBLE (Line Drive, 78S)
Batting: RHB Javier Santos 0-0: Ground out 6-3 (Groundball, 6)
Jeff Conklin to third
Batting: RHB Pedro Longoria 0-0: Called Strike
0-1: Ball
1-1: Fly out, F7 (Popup, 7S)
Bottom of the 2nd over - 0 run(s), 1 hit(s), 0 error(s), 1 left on base; Tortolita 3 - Hialeah 1
TOP OF THE 3RD
Tortolita Drummers batting - Pitching for Hialeah Dodos : RHP José Guzmán
Batting: RHB Ron Humboldt 0-0: Ball
1-0: Ball
2-0: Foul Ball, location: 2F
2-1: Ball
3-1: Called Strike
3-2: SINGLE (Line Drive, 6MD)
Batting: LHB Keith Spear 0-0: Called Strike
0-1: Called Strike
0-2: Foul Ball, location: 2F
0-2: Ball
1-2: Ball
2-2: Strikes out looking
Batting: LHB Raúl Andrade 0-0: Fly out, F9 (Flyball, 9D)
Batting: SHB Robby Day 0-0: Ball
1-0: Ball
2-0: Ball
3-0: Base on Balls
Ron Humboldt to second
Batting: SHB Omar Gutiérrez 0-0: Called Strike
0-1: Swinging Strike
0-2: Foul Ball, location: 2F
0-2: Ball
1-2: 3-RUN HOME RUN (Flyball, 89XD), Distance : 417 ft
Batting: RHB Nick Reed 0-0: Fly out, F9 (Flyball, 89M)
Top of the 3rd over - 3 run(s), 2 hit(s), 0 error(s), 0 left on base; Tortolita 6 - Hialeah 1
BOTTOM OF THE 3RD
Hialeah Dodos batting - Pitching for Tortolita Drummers : LHP Kaluka Wene
Batting: RHB Carl Carlson 0-0: SINGLE (Line Drive, 8RS)
Batting: RHB Ludwig Kluge 0-0: Fly out, F7 (Flyball, 7M)
Batting: RHB David Nielsen 0-0: Called Strike
0-1: Foul Ball, location: 2F
0-2: Ball
1-2: SINGLE (Line Drive, 4M)
Carl Carlson to second
Batting: LHB Mal Wadley 0-0: Ball
1-0: Called Strike
1-1: Ball
2-1: Ball
3-1: SINGLE (Groundball, 6MD) (infield hit)
Carl Carlson to third
David Nielsen to second
Batting: RHB Joe Guy 0-0: Called Strike
0-1: Called Strike
0-2: Ball
1-2: Fly out, F7 (Flyball, 7LM)
Runner from 3rd tags up, SCORES, throw made
Batting: RHB Ji-chol Yang 0-0: Called Strike
0-1: Called Strike
0-2: Ball
1-2: Foul Ball, location: 2F
1-2: Strikes out swinging
Bottom of the 3rd over - 1 run(s), 3 hit(s), 0 error(s), 2 left on base; Tortolita 6 - Hialeah 2
TOP OF THE 4TH
Tortolita Drummers batting - Pitching for Hialeah Dodos : RHP José Guzmán
Pitching: LHP Jim Unknown
Batting: RHB Dan Lewis 0-0: Called Strike
0-1: Swinging Strike
0-2: SINGLE (Line Drive, 34D)
Batting: RHB Ray Whittier 0-0: Ball
1-0: Fly out, F9 (Flyball, 9LS)
Batting: RHB Jim Harris 0-0: Called Strike
0-1: Ball
1-1: Ball
2-1: Foul Ball, location: 2F
2-2: Fly out, F4 (Popup, 34)
Batting: RHB Ron Humboldt 0-0: Ground out 4-3 (Groundball, 4)
Top of the 4th over - 0 run(s), 1 hit(s), 0 error(s), 1 left on base; Tortolita 6 - Hialeah 2
BOTTOM OF THE 4TH
Hialeah Dodos batting - Pitching for Tortolita Drummers : LHP Kaluka Wene
Batting: LHB Jeff Conklin 0-0: Called Strike
0-1: Foul Ball, location: 2F
0-2: Foul Ball, location: 2F
0-2: Foul Ball, location: 2F
0-2: Ground out U3 (Groundball, 3S)
Batting: RHB Javier Santos 0-0: Ground out 1-3 (Groundball, 13S)
Batting: RHB Pedro Longoria 0-0: Swinging Strike
0-1: Ball
1-1: Swinging Strike
1-2: Ground out 6-3 (Groundball, 6)
Bottom of the 4th over - 0 run(s), 0 hit(s), 0 error(s), 0 left on base; Tortolita 6 - Hialeah 2
TOP OF THE 5TH
Tortolita Drummers batting - Pitching for Hialeah Dodos : LHP Jim Unknown
Batting: LHB Keith Spear 0-0: Called Strike
0-1: Ground out 1-3 (Groundball, 23)
Batting: LHB Raúl Andrade 0-0: Called Strike
0-1: Called Strike
0-2: Foul Ball, location: 2F
0-2: Strikes out swinging
Batting: SHB Robby Day 0-0: Hit by Pitch
Batting: SHB Omar Gutiérrez 0-0: Called Strike
0-1: Foul Ball, location: 2F
0-2: Ball
1-2: Foul Ball, location: 2F
1-2: Ball
2-2: Strikes out looking
Top of the 5th over - 0 run(s), 0 hit(s), 0 error(s), 1 left on base; Tortolita 6 - Hialeah 2
BOTTOM OF THE 5TH
Hialeah Dodos batting - Pitching for Tortolita Drummers : LHP Kaluka Wene
Batting: RHB Carl Carlson 0-0: Ball
1-0: Ground out 4-3 (Groundball, 4M)
Batting: RHB Ludwig Kluge 0-0: Called Strike
0-1: Ball
1-1: SINGLE (Flyball, 8LS)
Batting: RHB David Nielsen 0-0: Ball
Ludwig Kluge steals 2nd base
1-0: Fly out, F9 (Flyball, 9S)
Batting: LHB Mal Wadley 0-0: Called Strike
0-1: Foul Ball, location: 2F
0-2: Ball
1-2: Reached on error, E3 (Groundball, 34S)
Ludwig Kluge scores
Batting: RHB Joe Guy 0-0: Called Strike
0-1: Foul Ball, location: 2F
0-2: Fly out, F2 (Popup, 25F)
Bottom of the 5th over - 1 run(s), 1 hit(s), 1 error(s), 1 left on base; Tortolita 6 - Hialeah 3
TOP OF THE 6TH
Tortolita Drummers batting - Pitching for Hialeah Dodos : LHP Jim Unknown
Batting: RHB Nick Reed 0-0: Ball
1-0: Ball
2-0: Called Strike
2-1: Ball
3-1: Base on Balls
Batting: RHB Dan Lewis 0-0: Ball
1-0: Sac Bunt - play at first, batter OUT! 1-3
Nick Reed to second
Batting: RHB Ray Whittier 0-0: Ball
1-0: Called Strike
1-1: Ball
2-1: Fly out, F3 (Popup, 23F)
Batting: RHB Jim Harris 0-0: Called Strike
0-1: Ground out 6-3 (Groundball, 6)
Top of the 6th over - 0 run(s), 0 hit(s), 0 error(s), 1 left on base; Tortolita 6 - Hialeah 3
BOTTOM OF THE 6TH
Hialeah Dodos batting - Pitching for Tortolita Drummers : LHP Kaluka Wene
Batting: RHB Ji-chol Yang 0-0: Ball
1-0: Ball
2-0: Ball
3-0: Called Strike
3-1: Called Strike
3-2: Foul Ball, location: 2F
3-2: SINGLE (Line Drive, 6M)
Batting: LHB Jeff Conklin 0-0: Ground out U3 (Groundball, 3S)
Ji-chol Yang to second
Batting: RHB Javier Santos 0-0: Ball
1-0: Foul Ball, location: 2F
1-1: Ground out 5-3 (Groundball, 5S)
Ji-chol Yang to third
Batting: RHB Pedro Longoria 0-0: Ground out 6-3 (Groundball, 6)
Bottom of the 6th over - 0 run(s), 1 hit(s), 0 error(s), 1 left on base; Tortolita 6 - Hialeah 3
TOP OF THE 7TH
Tortolita Drummers batting - Pitching for Hialeah Dodos : LHP Jim Unknown
Batting: RHB Ron Humboldt 0-0: Called Strike
0-1: Called Strike
0-2: Foul Ball, location: 2F
0-2: Ball
1-2: Ball
2-2: SINGLE (Line Drive, 9S)
Batting: LHB Keith Spear 0-0: Ball
1-0: Ground out 4-3 (Groundball, 13)
Ron Humboldt to second
Batting: LHB Raúl Andrade 0-0: Called Strike
0-1: Ball
1-1: Fly out, F7 (Flyball, 78S)
Batting: SHB Robby Day 0-0: Ball
1-0: Ball
2-0: Called Strike
2-1: Ball
3-1: Base on Balls
Batting: SHB Omar Gutiérrez 0-0: Called Strike
0-1: Ball
1-1: Called Strike
1-2: Foul Ball, location: 2F
1-2: Ball
2-2: Foul Ball, location: 2F
2-2: Strikes out swinging
Top of the 7th over - 0 run(s), 1 hit(s), 0 error(s), 2 left on base; Tortolita 6 - Hialeah 3
BOTTOM OF THE 7TH
Hialeah Dodos batting - Pitching for Tortolita Drummers : LHP Kaluka Wene
Batting: RHB Carl Carlson 0-0: Ground out 6-3 (Groundball, 6)
Batting: RHB Ludwig Kluge 0-0: Ball
1-0: Swinging Strike
1-1: SINGLE (Line Drive, 7LM)
Batting: RHB David Nielsen 0-0: Ball
1-0: Called Strike
1-1: Ball
2-1: Swinging Strike
2-2: Grounds into double play, 6-4-3 (Groundball, 6)
Bottom of the 7th over - 0 run(s), 1 hit(s), 0 error(s), 0 left on base; Tortolita 6 - Hialeah 3
TOP OF THE 8TH
Tortolita Drummers batting - Pitching for Hialeah Dodos : LHP Jim Unknown
Batting: RHB Nick Reed 0-0: Ball
1-0: Fly out, F6 (Line Drive, 6)
Batting: RHB Dan Lewis 0-0: Ball
1-0: Foul Ball, location: 2F
1-1: Ball
2-1: Ground out 5-3 (Groundball, 56S)
Batting: RHB Ray Whittier 0-0: SOLO HOME RUN (Flyball, 7D), Distance : 385 ft
Batting: RHB Jim Harris 0-0: Foul Ball, location: 2F
0-1: Called Strike
0-2: Foul Ball, location: 2F
0-2: Foul Ball, location: 2F
0-2: Ball
1-2: Ball
2-2: Fly out, F9 (Flyball, 9D)
Top of the 8th over - 1 run(s), 1 hit(s), 0 error(s), 0 left on base; Tortolita 7 - Hialeah 3
BOTTOM OF THE 8TH
Hialeah Dodos batting - Pitching for Tortolita Drummers : LHP Kaluka Wene
Batting: LHB Mal Wadley 0-0: Called Strike
0-1: Ball
1-1: Called Strike
1-2: Foul Ball, location: 2F
1-2: Ball
2-2: Strikes out swinging
Batting: RHB Joe Guy 0-0: Ball
1-0: Foul Ball, location: 2F
1-1: Swinging Strike
1-2: Foul Ball, location: 2F
1-2: Foul Ball, location: 2F
1-2: Ball
2-2: Ball
3-2: Base on Balls
Batting: RHB Ji-chol Yang 0-0: Ball
1-0: Fly out, F8 (Flyball, 8LM)
Batting: LHB Jeff Conklin 0-0: Ball
1-0: SINGLE (Groundball, 3D)
Joe Guy to second
Runner from 2nd tries for 3rd, SAFE, throw made to third
Batting: RHB Javier Santos 0-0: Ball
1-0: SINGLE (Groundball, 4)
Joe Guy scores
Jeff Conklin to second
Runner from 2nd tries for 3rd, SAFE, throw made to third
Batting: RHB Pedro Longoria 0-0: Ball
1-0: Ball
2-0: Swinging Strike
2-1: Ball
3-1: Base on Balls
Javier Santos to second
Batting: RHB Carl Carlson 0-0: Ball
1-0: Called Strike
1-1: Ball
2-1: Fly out, F7 (Flyball, 7LS)
Bottom of the 8th over - 1 run(s), 2 hit(s), 0 error(s), 3 left on base; Tortolita 7 - Hialeah 4
TOP OF THE 9TH
Tortolita Drummers batting - Pitching for Hialeah Dodos : LHP Jim Unknown
Pitching: LHP Jim Unknown
Batting: RHB Ron Humboldt 0-0: Called Strike
0-1: Swinging Strike
0-2: Ball
1-2: Strikes out looking
Pitching: RHP Jesús González
Batting: LHB Keith Spear 0-0: Foul Ball, location: 2F
0-1: Foul Ball, location: 2F
0-2: SOLO HOME RUN (Line Drive, 9D), Distance : 386 ft
Batting: LHB Raúl Andrade 0-0: Called Strike
0-1: Ground out 4-3 (Groundball, 4)
Batting: SHB Robby Day 0-0: Ground out U3 (Groundball, 3L)
Top of the 9th over - 1 run(s), 1 hit(s), 0 error(s), 0 left on base; Tortolita 8 - Hialeah 4
BOTTOM OF THE 9TH
Hialeah Dodos batting - Pitching for Tortolita Drummers : LHP Kaluka Wene
Batting: RHB Ludwig Kluge 0-0: Foul Ball, location: 2F
0-1: Ball
1-1: Ball
2-1: SINGLE (Groundball, 6MD)
Pitching: LHP Steven Hodnett
Batting: RHB David Nielsen 0-0: Foul Ball, location: 2F
0-1: Ball
1-1: Called Strike
1-2: Strikes out looking
Batting: LHB Mal Wadley 0-0: Foul Ball, location: 2F
0-1: Called Strike
0-2: Ball
Pickoff Throw to First - Out!
1-2: Strikes out swinging
Bottom of the 9th over - 0 run(s), 1 hit(s), 0 error(s), 0 left on base; Tortolita 8 - Hialeah 4
This league is powered by Out of the Park Baseball, the baseball management simulation game for PC, Mac and Linux
Friday, January 22nd, 2016 - OOTP Baseball 16.9 Build 39